 Dungeon Crawl Stone Soup version 0.21.0-3-g78d12a8bdd (webtiles) character file.

124 Livsi the Skirmisher (level 5, -10/42 HPs)
             Began as a Human Berserker on Jan 12, 2018.
             Was a Follower of Trog.
             Killed by divine providence
             ... invoked by an orc priest
              (15 damage)
             ... on level 3 of the Dungeon.
             The game lasted 00:29:42 (2486 turns).

Livsi the Skirmisher (Human Berserker)              Turns: 2486, Time: 00:29:43

Health: -10/42     AC: 10    Str: 16 (17) XL:     5   Next: 30%
Magic:  5/5        EV:  7    Int:  8      God:    Trog [*.....]
Gold:   78         SH:  0    Dex: 11 (13) Spells: 4/4 levels left

rFire    . . .     SeeInvis .   E - +0 mace
rCold    . . .     Gourm    .   (no shield)
rNeg     + . .     Faith    .   w - +0 chain mail
rPois    +         Spirit   .   g - +2 hat
rElec    .         Reflect  .   (no cloak)
rCorr    .         Harm     .   (no gloves)
MR       .....                  (no boots)
Stlth    ..........             (no amulet)
HPRegen  0.14/turn              i - ring of positive energy
MPRegen  0.09/turn              x - ring of poison resistance

@: berserk cooldown
A: no striking features
a: Berserk, Burn Spellbooks, Renounce Religion


You were on level 3 of the Dungeon.
You worshipped Trog.
Trog was aware of your devotion.
You were not hungry.

You visited 1 branch of the dungeon, and saw 3 of its levels.

You collected 78 gold pieces.

Inventory:

Hand Weapons
 a - a +0 hand axe
 f - a +0 club
 k - a +0 club
 l - a +0 short sword
 n - a +0 dagger
 o - a cursed -2 club
 p - a +0 dagger
 r - a +0 club
 t - a +0 falchion
 u - a +0 whip
 v - a +0 short sword
 y - a +0 dagger
 A - a +0 dagger
 C - a +0 falchion
 D - a +0 whip
 E - a +0 mace (weapon)
Missiles
 d - 17 sling bullets
 e - 14 poisoned needles
 j - 75 stones (quivered)
 q - 66 bolts
 s - 17 arrows
Armour
 b - a +0 animal skin
 g - a +2 hat (worn)
 h - a +0 robe
 m - a +0 leather armour
 w - a +0 chain mail (worn)
 B - a +0 robe
Jewellery
 i - a ring of positive energy (left hand)
 x - a ring of poison resistance (right hand)
 z - an uncursed ring of magical power
Comestibles
 c - 4 rations


   Skills:
 + Level 4.0 Fighting
 + Level 1.0(1.2) Short Blades
 + Level 0.9(1.1) Long Blades
 + Level 3.6 Axes
 + Level 2.7 Armour
 + Level 2.5 Dodging
 + Level 0.3 Stealth


You had 4 spell levels left.
You didn't know any spells.

Dungeon Overview and Level Annotations

Branches:
Dungeon (3/15)

Altars:
Zin


Message History

Beogh smites you! The orc hits you with a hand axe.
You closely miss the orc. The orc hits you but does no damage.
The orc barely misses you.
You hit the orc.
The orc is severely wounded.
The orc priest calls down the wrath of Beogh upon you.
Beogh smites you!
* * * LOW HITPOINT WARNING * * *
The orc hits you but does no damage.
The orc wizard gestures wildly while chanting.
The orc wizard flickers and vanishes!
Deactivating autopickup; reactivate with Ctrl-A.
The orc closely misses you.
You feel yourself speed up. The orc hits you with a hand axe.
* * * LOW HITPOINT WARNING * * *
You see here a rat corpse.
The orc priest calls down the wrath of Beogh upon you.
Beogh smites you!
You die...

#.## #.. #.## #.# #.## #.#
#..# #.# ##.# #.# #.. #.# ##.
########.###################.
.......o..†o@................
########o####################
#.# #.# #.# #.# ..# ###


You could see an orc priest and 2 orcs.

Vanquished Creatures
  Terence (D:2)
  Natasha (twice) (D:3)
  An adder (D:2)
  A worm (D:2)
  3 orcs (D:3)
  5 goblins
  5 hobgoblins
  3 kobolds (D:1)
  2 quokkas (D:3)
  2 bats (D:1)
  4 frilled lizards
  7 rats
36 creatures vanquished.

Notes
Turn   | Place    | Note
-------+----------+-------------------------------------------
     0 | D:1      | Livsi the Human Berserker began the quest for the Orb.
     0 | D:1      | Reached XP level 1. HP: 18/18 MP: 1/1
   217 | D:1      | Reached XP level 2. HP: 18/24 MP: 2/2
   949 | D:1      | You fall through a shaft!
   956 | D:2      | Reached XP level 3. HP: 27/29 MP: 3/3
  1021 | D:2      | Found a glowing silver altar of Zin.
  1196 | D:2      | Noticed Terence
  1253 | D:2      | Killed Terence
  1253 | D:2      | Reached XP level 4. HP: 14/37 MP: 4/4
  2028 | D:3      | Noticed Natasha
  2046 | D:3      | Killed Natasha
  2264 | D:3      | Noticed Natasha
  2272 | D:3      | Killed Natasha
  2272 | D:3      | Reached skill level 1 in Short Blades
  2272 | D:3      | Reached XP level 5. HP: 33/42 MP: 5/5
  2368 | D:3      | Reached skill level 4 in Fighting
  2486 | D:3      | Killed from afar by an orc priest

Skill      XL: |  1  2  3  4  5 |
---------------+----------------+-----
Short Blades   | 1 |  1.0
Fighting       | 4 |  4.0
Long Blades    | |  0.9
Axes           | |  3.6
Armour         | |  2.7
Dodging        | |  2.5
Stealth        | |  0.3

Action                   |  1- 3 |  4- 6 || total
-------------------------+-------+-------++-------
Melee: Hand axe          |    20 |       ||    20
       Short sword       |    40 |       ||    40
       Falchion          |    14 |    61 ||    75
       Mace              |       |     7 ||     7
  Use: Potion            |     1 |     4 ||     5
       Scroll            |     2 |     4 ||     6
 Stab: Sleeping          |     1 |       ||     1
  Eat: Chunk             |       |     2 ||     2
       Ration            |       |     1 ||     1
Armor: Animal skin       |     1 |       ||     1
       Leather armour    |     9 |       ||     9
       Chain mail        |       |    31 ||    31
Dodge: Dodged            |    43 |    31 ||    74
       Rpst.: Falchion   |     4 |     6 ||    10
